Map: Blackpink LE

Players

Nis

  • Race: Protoss Protoss
  • League: Master
  • Spawn Location: 1:00

lllllllllllI - Winner!

  • Race: Protoss Protoss
  • League: Master
  • Spawn Location: 7:00

VOD

Have the link to the VOD?

Description

Time

  • Played on: Dec. 25, 2017, 12:43 a.m.
  • Length: 3:27
Show
View Real Time Build Order
Export as new Build Order

Nis Protoss 

Build Orders:  

Get SALT Encoding   

  12  0:08  Pylon  
  12  0:13  Probe  
  13  0:27  Gateway  
  13  0:31  Probe  
  14  0:38  Assimilator  
  14  0:43  Probe  
  15  0:53  Assimilator  
  15  0:55  Probe  
  16  1:07  Probe  
  17  1:13  Zealot (Chrono Boost)  
  19  1:32  Zealot  
  19  1:37  Cybernetics Core  
  21  1:45  Probe  
  22  2:05  Probe  
  23  2:41  Pylon  
Show
View Real Time Build Order
Export as new Build Order

lllllllllllI Protoss - Winner!

Build Orders:  

Get SALT Encoding   

  12  0:01  Probe  
  13  0:13  Probe  
  14  0:18  Pylon  
  14  0:25  Probe (Chrono Boost)  
  15  0:37  Probe (Chrono Boost)  
  15  0:39  Forge  
  15  0:42  Probe (Chrono Boost)  
  17  1:04  Pylon  
  17  1:05  Pylon  
  17  1:11  Pylon  
  17  1:23  Gateway  
  17  1:27  Gateway  
  17  1:38  Gateway  
  17  1:47  Photon Cannon  
  17  1:54  Pylon  
  17  2:10  Photon Cannon  
  17  2:11  Pylon  
  19  2:15  Zealot  
  19  2:17  Zealot  
  19  2:21  Photon Cannon  
  20  2:34  Photon Cannon  
  20  2:35  Pylon  
  20  2:42  Photon Cannon  
  20  2:53  Zealot x2  
Tags
 
Matchup
PvP
Spawn Locations
Cross Positions
Add a new tag
Caveats
  • Supply blocks, unpowered buildings, or Contaminate may cause inaccurate times.
  • Supply counts are checked every 10 seconds.